 Dungeon Crawl Stone Soup version 0.25-a0-1133-g93ebf739aa (webtiles) character file.

Game seed: 180112323246587709, levelgen mode: deterministic

339262 D1HalberdGnoll the Fencer (level 22, -6/167 HPs)
             Began as a Human Berserker on May 22, 2020.
             Was a High Priest of Trog.
             Mangled by a deep troll earth mage (21 damage)
             ... on level 4 of the Depths.
             The game lasted 02:32:56 (54364 turns).

D1HalberdGnoll the Fencer (Human Berserker)        Turns: 54364, Time: 02:32:56

Health: -6/167     AC: 28    Str: 25    XL:     22   Next: 95%
Magic:  38/38      EV: 17    Int: 11    God:    Trog [*****.]
Gold:   1953       SH: 26    Dex: 18    Spells: 21/21 levels left

rFire    + + .     SeeInvis +   V - +9 double sword (vorpal)
rCold    + + .     Gourm    .   W - +0 tower shield
rNeg     + + .     Faith    .   K - +4 pearl dragon scales of the Doge {rPois rN+ MR++ Dex-2}
rPois    +         Spirit   .   X - +1 helmet
rElec    +         Reflect  .   I - scarf {rC+ rF+}
rCorr    .         Harm     .   S - +0 pair of gloves
MR       ++++.                  Y - +0 pair of boots "Xirif" {Regen+ SInv}
Stlth    ..........             Q - amulet of Osijanae {rC+ rN+ Regen+ Int+2}
HPRegen  2.17/turn              s - +4 ring of slaying
MPRegen  0.26/turn              p - ring of Jiegora {rElec rF+ MR- MP+9 Dex+6}

@: berserk cooldown, regenerating, slowed, studying 2 skills, very slow
A: large bone plates 1, frail 1
}: 2/15 runes: barnacled, gossamer
a: Berserk, Trog's Hand, Brothers in Arms, Renounce Religion


You were on level 4 of the Depths.
You worshipped Trog.
Trog was extremely pleased with you.
You were near starving.

You visited 6 branches of the dungeon, and saw 35 of its levels.
You visited the Abyss 3 times.
You also visited: Bailey.

You collected 4581 gold pieces.
You spent 2628 gold pieces at shops.

Inventory:

Hand Weapons
 V - a +9 vorpal double sword (weapon)
Missiles
 t - 17 throwing nets (quivered)
Armour
 I - a scarf of resistance (worn)
 K - the +4 pearl dragon scales of the Doge (worn) {rPois rN+ MR++ Dex-2}
   (You found it in a bailey)

   It affects your dexterity (-2).
   It protects you from poison.
   It protects you from negative energy.
   It affects your resistance to hostile enchantments.
 S - a +0 pair of gloves (worn)
 W - a +0 tower shield (worn)
 X - a +1 helmet (worn)
 Y - the +0 pair of boots "Xirif" (worn) {Regen+ SInv}
   (You bought it in a shop on level 2 of the Orcish Mines)

   It lets you see invisible.
   It increases your rate of regeneration.
Jewellery
 f - an uncursed ring of resist corrosion
 p - the ring of Jiegora (right hand) {rElec rF+ MR- MP+9 Dex+6}
   (You acquired it on level 4 of the Shoals)

   [ring of magical power]

   It affects your dexterity (+6).
   It protects you from fire.
   It insulates you from electricity.
   It affects your resistance to hostile enchantments.
   It affects your magic capacity (+9).
 s - a +4 ring of slaying (left hand)
 Q - the amulet of Osijanae (around neck) {rC+ rN+ Regen+ Int+2}
   (You found it on level 4 of the Shoals)

   [amulet of regeneration]

   It affects your intelligence (+2).
   It protects you from cold.
   It protects you from negative energy.
   It increases your rate of regeneration.
Wands
 h - a wand of disintegration (12)
 m - a wand of random effects (60)
 u - a wand of paralysis (12)
 y - a wand of flame (28)
 A - a wand of acid (19)
 B - a wand of polymorph (19)
 D - a wand of enslavement (13)
 N - a wand of digging (14)
 T - a wand of iceblast (23)
Scrolls
 a - 2 scrolls of fog
 i - 6 scrolls of enchant armour
 l - 19 scrolls of remove curse
 n - 2 scrolls of silence
 v - 8 scrolls of teleportation
 z - 2 scrolls of fear
 L - 3 scrolls of magic mapping
 R - 5 scrolls of blinking
 U - 12 scrolls of identify
Potions
 b - 6 potions of ambrosia
 e - 6 potions of flight
 j - 7 potions of mutation
 o - 10 potions of curing
 q - 2 potions of invisibility
 r - 3 potions of heal wounds
 x - a potion of magic
 C - 2 potions of cancellation
 E - a potion of stabbing
 H - 3 potions of might
 M - 3 potions of haste
 O - 2 potions of resistance
Books
 w - a manual of
Armour
 P - a manual of Long Blades
Miscellaneous
 d - a phial of floods
 g - a phantom mirror
 J - a tin of tremorstones (3/3)
Comestibles
 c - 51 rations
 k - 3 chunks of flesh


   Skills:
 + Level 18.6 Fighting
 + Level 18.7 Long Blades
 + Level 17.4 Armour
 - Level 12.0 Dodging
 * Level 17.6 Shields
 - Level 10.0 Evocations


You had 21 spell levels left.
You didn't know any spells.
Your spell library was empty.

Dungeon Overview and Level Annotations

Branches:
Dungeon (15/15)            Temple (0/1) D:6            Lair (6/6) D:9
 Shoals (4/4) Lair:2       Spider (4/4) Lair:4        Slime (0/5) Lair:5
    Orc (2/2) D:10            Elf (0/3) Orc:2        Vaults (0/5) D:14
 Depths (4/5) D:15         Bailey (visited)

Altars:
Ashenzari
Gozag
Trog
Zin
Beogh

Shops:
D:6 [   D:9 [   D:12 !   D:13 [   Orc:1 **   Orc:2 %}}[   Shoals:1 ?
Shoals:3 *   Depths:2 ?*

Portals:
Hell: Depths:1 Depths:2 Depths:3 Depths:4
Pandemonium: Depths:3
Ziggurat: Depths:3
Trove: D:14 (show abyssal rune of Zot)

Annotations:
D:13 exclusion: downstairs
Lair:1 1 runed translucent door, Sensen's ghost, journeyman DEWz
Lair:3 1 runed translucent door
Lair:5 exclusion: oklob plant
Lair:6 exclusion: oklob plant
Depths:1 3 runed translucent doors, Acwon's ghost, legendary TrMo; Dayj's ghost, master KoEn; Siguz's ghost, master KoEn


Innate Abilities, Weirdness & Mutations

You are partially covered in large bone plates. (SH +4)
You are frail. (-10% HP)


Message History

* * * LOW HITPOINT WARNING * * *
You block the iron troll's attack. The iron troll closely misses you.
The iron troll completely misses you.
Some of the chunks of flesh in your inventory have rotted away.
You slash the iron troll!
The iron troll is moderately wounded.
You block the deep troll earth mage's attack. x2
The deep troll earth mage claws you but does no damage.
The deep troll earth mage casts a spell at the rock wall.
Some rock shatters into small pieces.
The iron troll barely misses you. The iron troll claws you!
* * * LOW HITPOINT WARNING * * *
The iron troll claws you but does no damage.
You feel much better.
You block the deep troll earth mage's attack. x2
The deep troll earth mage closely misses you.
The deep troll earth mage bites you!!
* * * LOW HITPOINT WARNING * * *
The deep troll earth mage claws you!!
You die...

## # #.# .# #.#..
#.## #####
##.#.##.$.....
####.............
#T@.......'......
#T...##.#........
#...## #......
#..## ...... ..T#
..... ..... .....
#######..#..#####
....
#.................
....
#.#######.########


You could see an iron troll and 2 deep troll earth magi.

Vanquished Creatures
  An ancient lich (Abyss:3)
  Mara (Spider:4)
  A juggernaut (Depths:3)
  A caustic shrike (Depths:3)
  5 golden dragons
  A bone dragon (Orc:2)
  Rupert (D:14)
  A lich (Abyss:4)
  2 sphinxes
  A kraken (Shoals:4)
  4 tentacled starspawn
  2 tengu reavers
  Kirke (D:13)
  A storm dragon (Depths:3)
  Ilsuiw (Shoals:4)
  A ghost moth (Spider:4)
  An iron dragon (Depths:2)
  A balrug (Depths:3)
  10 frost giants
  2 fire giants
  Louise (D:14)
  A cacodemon (Abyss:4)
  5 emperor scorpions
  2 spriggan defenders
  9 very ugly things
  The ghost of Angat the Geomancer, a journeyman GrEE of Vehumet (D:15)
  8 stone giants
  2 vampire knights
  Nessos (Orc:2)
  2 entropy weavers
  A dire elephant (D:15)
  8 spark wasps
  6 ettins
  5 merfolk javelineers
  4 fire dragons
  A green death (Abyss:3)
  Josephine (Shoals:1)
  2 ice dragons (Depths:3)
  9 merfolk impalers
  A yaktaur captain (Depths:3)
  3 jiangshi (Depths:4)
  7 ogre magi
  A great orb of eyes (Depths:3)
  Erolcha (D:13)
  A quicksilver dragon skeleton (Abyss:3)
  4 centaur warriors
  3 merfolk avatars
  6 hydras
  2 merfolk aquamancers
  3 spriggan air magi
  The ghost of Necrophagist the Basher, a journeyman GrFi of Okawaru (Orc:1)
  24 two-headed ogres
  A death yak (Lair:4)
  3 satyrs
  2 death knights
  2 vampire magi
  10 deep troll shamans
  An orc high priest (Bailey)
  7 deep troll earth magi
  7 death scarabs (Spider:4)
  2 spriggan berserkers
  5 tengu warriors
  Nergalle (D:10)
  Urug (D:10)
  6 thrashing horrors (Abyss:3)
  A sun demon (Abyss:3)
  Sonja (D:13)
  2 soul eaters
  2 spectral emperor scorpions (Spider:4)
  A wretched star (Abyss:4)
  5 skeletal warriors
  3 iron trolls (Depths:4)
  2 sixfirhies
  2 unseen horrors
  15 sea snakes
  18 deep trolls
  An obsidian statue (Orc:1)
  2 wizards
  A glowing orange brain (Depths:3)
  A flayed ghost (Abyss:4)
  Pikel (D:4)
  A swamp dragon (Lair:6)
  3 large abominations
  3 spectral wolf spiders (Spider:4)
  2 wolf spider zombies (Spider:4)
  A swamp dragon (shapeshifter) (Depths:2)
  19 orb spiders
  5 orc knights
  18 fauns
  5 harpies (Shoals:1)
  A necromancer (Depths:2)
  36 wolf spiders
  4 salamanders (Depths:2)
  A deep elf mage (D:15)
  An orc sorcerer (Orc:2)
  A moth of wrath (Spider:4)
  A shining eye (shapeshifter) (Depths:3)
  24 ugly things
  5 cyclopes
  13 manticores
  11 merfolk sirens
  5 elephants (Lair:5)
  Joseph (D:8)
  4 water nymphs
  An ice statue (D:15)
  3 black mambas
  A torpor snail (Spider:2)
  An apocalypse crab (Abyss:3)
  2 eyes of devastation
  A gargoyle (D:14)
  A smoke demon (Abyss:4)
  An orange demon (Depths:3)
  Maggie (D:7)
  2 spiny frogs (shapeshifter) (D:15)
  A catoblepas zombie (Abyss:4)
  12 spiny frogs
  16 komodo dragons
  4 freezing wraiths (D:14)
  8 yaktaurs
  6 rime drakes
  An efreet (Abyss:3)
  4 spectral redbacks (Spider:4)
  A kobold demonologist (Bailey)
  22 demonic crawlers
  A redback zombie (Spider:4)
  3 tengu conjurers (D:14)
  A merfolk (shapeshifter) (Depths:2)
  An ice devil (Abyss:4)
  3 ancient zymes (Abyss:3)
  A hellwing (Depths:2)
  41 jumping spiders
  7 hornets
  5 trolls
  6 spectral jumping spiders (Spider:4)
  3 meliai (Lair:4)
  28 merfolk
  A queen bee (Lair:4)
  7 wind drakes
  A jumping spider zombie (Spider:4)
  9 polar bears (Lair:6)
  6 dream sheep
  A hornet (shapeshifter) (Depths:3)
  A tarantella zombie (Spider:4)
  5 raiju
  5 slime creatures
  11 blink frogs
  A meliai zombie (D:14)
  4 snapping turtles
  9 hippogriffs
  78 redbacks
  A spriggan (D:9)
  A ynoxinul (Abyss:3)
  16 humans (D:14)
  35 yaks
  A vampire (D:10)
  26 tarantellas
  6 wraiths
  4 wyverns
  A yak (shapeshifter) (D:15)
  A fire bat (Abyss:3)
  2 hogs (D:13)
  12 water elementals
  3 hungry ghosts
  Eustachio (D:5)
  7 basilisks
  A hog (shapeshifter) (Depths:2)
  2 neqoxecs
  6 chaos spawn
  7 wargs
  A warg (shapeshifter) (D:13)
  A soldier ant (D:13)
  6 small abominations
  13 hell hounds (Lair:6)
  2 acid dragons (Lair:6)
  A spectral hornet (Spider:4)
  A floating eye (Depths:3)
  9 porcupines
  12 water moccasins
  20 orc warriors
  12 black bears
  3 swamp drakes (Lair:6)
  A swamp drake (shapeshifter) (Depths:3)
  An ice beast (D:11)
  4 sky beasts
  3 slaves (D:4)
  An eye of draining (Lair:5)
  42 ogres
  14 wolves
  14 boggarts
  3 phantoms
  8 centaurs
  15 crocodiles
  A big kobold (D:14)
  8 bullfrogs
  Blork the orc (Orc:2)
  A gnoll sergeant (Orc:2)
  2 water moccasin zombies (D:7)
  7 scorpions
  A wyvern skeleton (D:9)
  35 killer bees
  4 jellies
  5 wights (D:8)
  A howler monkey (D:4)
  12 electric eels
  4 bullfrog zombies
  12 crimson imps
  3 quasits
  16 starcursed masses
  6 centaur skeletons
  2 centaur zombies
  2 bullfrog skeletons
  A gnoll shaman (D:6)
  7 hounds
  16 orc wizards
  Crazy Yiuf (D:7)
  13 orc priests
  An iron imp (Abyss:3)
  9 iguanas
  8 hell rats (Lair:6)
  12 worker ants
  A killer bee zombie (D:9)
  2 hound skeletons
  2 worker ant zombies (D:10)
  2 howler monkey skeletons
  15 gnolls
  11 adders
  4 shadow imps
  An ufetubus (Abyss:3)
  An ooze (D:2)
  3 adder skeletons (D:8)
  2 adder zombies
  3 worms
  A dart slug (shapeshifter) (Depths:3)
  2 dart slugs
  3 leopard geckos
  70 orcs
  7 bats
  9 giant cockroaches
  18 goblins
  9 hobgoblins
  16 jackals
  4 quokkas
  A ball python (D:1)
  5 frilled lizards
  5 kobolds
  2 quokka skeletons
  10 rats
  3 starspawn tentacles (Abyss:3)
1487 creatures vanquished.

Vanquished Creatures (collateral kills)
  A merfolk javelineer (Shoals:4)
  A satyr (Shoals:4)
  A death scarab (Spider:4)
  A water nymph (Shoals:4)
  2 jumping spiders (Spider:4)
  An acid dragon (D:14)
7 creatures vanquished.

Vanquished Creatures (others)
  Snorg (Orc:2)
  A hydra (D:13)
  An orb spider (Spider:3)
  An ancient zyme (Abyss:3)
  A wind drake (Shoals:4)
  A human (D:13)
  2 killer bees (Lair:4)
  A bush (D:9)
  5 fungi
  42 plants
  8 starspawn tentacles
  4 tentacles (Shoals:4)
68 creatures vanquished.

Grand Total: 1562 creatures vanquished

Notes
Turn   | Place    | Note
-------+----------+-------------------------------------------
     0 | D:1      | D1HalberdGnoll the Human Berserker began the quest for the
                  | Orb.
     0 | D:1      | Reached XP level 1. HP: 18/18 MP: 1/1
    39 | D:1      | Reached XP level 2. HP: 20/24 MP: 2/2
   667 | D:1      | Reached XP level 3. HP: 29/29 MP: 3/3
  1168 | D:2      | Noticed a moth of wrath
  1171 | D:2      | Found a bloodstained altar of Trog.
  1352 | D:2      | Reached ** piety under Trog
  1604 | D:2      | Reached XP level 4. HP: 35/35 MP: 4/4
  1860 | D:3      | Noticed an orc warrior
  1915 | D:2      | Killed an orc warrior
  1915 | D:2      | Reached XP level 5. HP: 39/42 MP: 5/5
  2032 | D:3      | Reached XP level 6. HP: 43/48 MP: 6/6
  2208 | D:3      | Noticed a phantom
  2269 | D:3      | Killed a phantom
  2269 | D:3      | Reached skill level 5 in Long Blades
  2909 | D:4      | Reached XP level 7. HP: 45/54 MP: 7/7
  3527 | D:4      | Reached XP level 8. HP: 61/61 MP: 8/8
  3922 | D:4      | Noticed Pikel
  4013 | D:4      | Killed Pikel
  4013 | D:4      | Reached skill level 5 in Fighting
  4399 | D:5      | Entered Level 5 of the Dungeon
  4629 | D:5      | Reached skill level 5 in Armour
  4629 | D:5      | Reached XP level 9. HP: 68/68 MP: 9/9
  4632 | D:5      | Reached skill level 5 in Dodging
  4782 | D:5      | Noticed Eustachio
  4794 | D:5      | Killed Eustachio
  5322 | D:5      | Found a glowing silver altar of Zin.
  5323 | D:5      | Noticed an angel
  5479 | D:6      | Reached *** piety under Trog
  6543 | D:6      | Found a shattered altar of Ashenzari.
  6784 | D:6      | Found Fiphomopt's Antique Armour Boutique.
  6784 | D:6      | Found a staircase to the Ecumenical Temple.
  6963 | D:6      | Reached XP level 10. HP: 36/77 MP: 10/10
  8012 | D:7      | Reached **** piety under Trog
  8069 | D:7      | Found a runed translucent door.
  8070 | D:7      | Noticed Crazy Yiuf
  8561 | D:7      | Noticed Maggie
  8590 | D:7      | Killed Maggie
  8781 | D:7      | Got an encrusted chain mail
  8782 | D:7      | Identified the +1 chain mail of the Blizzard {rC+ MR+} (You
                  | found it on level 7 of the Dungeon)
  8968 | D:7      | Killed Crazy Yiuf
  9277 | D:8      | Reached skill level 10 in Long Blades
  9548 | D:8      | Noticed a two-headed ogre
  9561 | D:8      | Killed a two-headed ogre
  9766 | D:8      | Reached XP level 11. HP: 73/84 MP: 11/11
 10044 | D:8      | Noticed Joseph
 10062 | D:8      | Killed Joseph
 10371 | D:9      | Found an opulent altar of Gozag.
 10470 | D:9      | Found Cuekh's Antique Armour Shoppe.
 11340 | D:9      | Found a staircase to the Lair.
 12196 | D:10     | Entered Level 10 of the Dungeon
 12588 | D:10     | Found a staircase to the Orcish Mines.
 12753 | D:10     | Found an opulent altar of Gozag.
 12776 | D:10     | Noticed Nergalle
 12795 | D:10     | Killed Nergalle
 12977 | D:10     | Noticed Urug
 13003 | D:10     | Killed Urug
 13203 | Lair:1   | Entered Level 1 of the Lair of Beasts
 13285 | Lair:1   | Found a runed translucent door.
 13285 | Lair:1   | Noticed Sensen's ghost (journeyman DEWz)
 13554 | Lair:1   | Reached XP level 12. HP: 53/94 MP: 12/12
 13836 | Lair:1   | Got a coiled platinum ring
 14443 | Lair:2   | Found a staircase to the Shoals.
 14728 | Lair:2   | Identified the ring "Bankenij" {MR+ EV+4 Str+2 Int+2} (You
                  | found it on level 1 of the Lair of Beasts)
 15359 | Lair:2   | HP: 1/95 [komodo dragon (8)]
 17200 | Lair:3   | Reached skill level 1 in Shields
 17377 | Lair:3   | Found a runed translucent door.
 17380 | Lair:3   | Noticed a fire crab
 19108 | Lair:4   | Noticed a six-headed hydra
 19139 | Lair:4   | Killed a six-headed hydra
 19192 | Lair:4   | Reached XP level 13. HP: 103/103 MP: 13/13
 19478 | Lair:4   | Reached skill level 10 in Fighting
 20051 | Lair:4   | Reached skill level 10 in Dodging
 20578 | Lair:4   | Noticed a four-headed hydra
 20587 | Lair:4   | Killed a six-headed hydra
 20972 | Lair:4   | Found a hole to the Spider Nest.
 21033 | Lair:4   | You fall into a shaft and drop 1 floor!
 21248 | Lair:5   | Found a staircase to the Slime Pits.
 21829 | Lair:5   | Noticed a four-headed hydra
 21838 | Lair:5   | Killed a four-headed hydra
 22342 | Lair:6   | Entered Level 6 of the Lair of Beasts
 22343 | Lair:6   | Noticed a four-headed hydra
 22583 | Lair:5   | Killed a four-headed hydra
 23016 | Lair:5   | Reached XP level 14. HP: 113/113 MP: 14/14
 23022 | Lair:5   | Reached skill level 1 in Evocations
 26310 | Lair:6   | Reached skill level 10 in Armour
 27898 | D:12     | Reached ***** piety under Trog
 28243 | D:12     | Reached XP level 15. HP: 122/122 MP: 18/18
 28510 | D:12     | Found Ifocy's Distillery.
 28513 | D:12     | Bought a potion of degeneration for 16 gold pieces
 28796 | D:13     | Noticed Sonja
 28803 | D:13     | Killed Sonja
 29218 | D:13     | Noticed Erolcha
 29233 | D:13     | Killed Erolcha
 29233 | D:13     | Reached skill level 5 in Evocations
 29377 | D:13     | Noticed Kirke
 29396 | D:13     | Killed Kirke
 29489 | D:13     | Received a gift from Trog
 29743 | D:13     | Found Puiss's Armour Shop.
 29752 | D:13     | Bought a +0 pair of boots for 54 gold pieces
 29996 | D:14     | Found a gate to the Vaults.
 29996 | D:14     | Noticed Rupert
 29996 | D:14     | Noticed Louise
 30482 | D:14     | Found a flagged portal.
 30489 | Bailey   | Entered a bailey
 30666 | Bailey   | Found an iron altar of Okawaru.
 30727 | Bailey   | Got ancient pearl dragon scales
 30728 | Bailey   | Identified the +4 pearl dragon scales of the Doge {rPois
                  | rN+ MR++ Dex-2} (You found it in a bailey)
 31368 | D:14     | Received a gift from Trog
 31547 | D:14     | Found a portal to a secret trove of treasure.
 32076 | D:14     | Killed Louise
 32444 | D:14     | Reached XP level 16. HP: 132/132 MP: 21/21
 32481 | D:14     | Reached skill level 15 in Long Blades
 32784 | D:15     | Entered Level 15 of the Dungeon
 33358 | D:15     | Found a large runed translucent door.
 33359 | D:15     | Found a large runed translucent door.
 33477 | D:15     | Noticed Angat's ghost (journeyman GrEE)
 33682 | D:15     | Found a staircase to the Depths.
 34009 | D:15     | Killed Angat's ghost
 34009 | D:15     | Reached skill level 5 in Shields
 34481 | D:14     | Killed Rupert
 34684 | D:14     | Found a portal to a secret trove of treasure.
 34968 | Orc:1    | Entered Level 1 of the Orcish Mines
 34968 | Orc:1    | Found Rydud's Mayhem Merchandise.
 35051 | Orc:1    | You fall into a shaft and drop 1 floor!
 35051 | Orc:2    | Entered Level 2 of the Orcish Mines
 35051 | Orc:2    | Noticed Nessos
 35052 | Orc:2    | Noticed Snorg
 35060 | Orc:2    | Killed Snorg
 35369 | Orc:2    | Noticed Blork the orc
 35374 | Orc:2    | Killed Blork the orc
 35438 | Orc:2    | Killed Nessos
 35596 | Orc:2    | Found Aguuxki's Armour Shop.
 35596 | Orc:2    | Found Rewumol's Gadget Emporium.
 35648 | Orc:2    | Found Ugohutac's Food Boutique.
 35649 | Orc:2    | Found Niulakk's Gadget Emporium.
 35650 | Orc:2    | Received a gift from Trog
 35662 | Orc:2    | Bought the cursed +0 pair of boots "Xirif" {Regen+ SInv}
                  | for 190 gold pieces
 35682 | Orc:2    | Cast into level 3 of the Abyss (ogre mage)
 35951 | Abyss:4  | Noticed a lich
 35961 | Abyss:4  | Killed a lich
 35961 | Abyss:4  | Reached XP level 17. HP: 140/140 MP: 23/23
 36098 | Abyss:4  | Noticed a tentacled starspawn
 36107 | Abyss:4  | Killed a tentacled starspawn
 36188 | Abyss:4  | Noticed a bone dragon
 36206 | Abyss:4  | Noticed a tentacled starspawn
 36233 | Abyss:4  | Noticed a bone dragon
 36244 | Orc:2    | Escaped the Abyss
 36269 | Orc:2    | Killed a bone dragon
 36271 | Orc:2    | Cast into level 3 of the Abyss (ogre mage)
 36280 | Abyss:3  | Found a basalt altar of Yredelemnul.
 36319 | Abyss:3  | Gained mutation: You are frail. (-10% HP) [a neqoxec]
 36322 | Abyss:3  | Gained mutation: Scrolls take you a little longer to read.
                  | [a neqoxec]
 36336 | Abyss:3  | Found a basalt altar of Yredelemnul.
 36378 | Abyss:3  | Noticed a tentacled starspawn
 36387 | Abyss:3  | Killed a tentacled starspawn
 36499 | Abyss:3  | Noticed a tentacled starspawn
 36511 | Abyss:3  | Killed a tentacled starspawn
 36547 | Abyss:3  | Noticed a tentacled starspawn
 36563 | Abyss:3  | Killed a tentacled starspawn
 36576 | Abyss:3  | Paralysed by accursed screaming for 1 turns
 36591 | Abyss:3  | Received a gift from Trog
 36593 | Orc:2    | Escaped the Abyss
 36603 | Orc:2    | Found a staircase to the Elven Halls.
 36821 | Orc:1    | Found an opulent altar of Gozag.
 36822 | Orc:1    | Found a runed translucent gate.
 36822 | Orc:1    | Found a runed translucent gate.
 36822 | Orc:1    | Found a runed translucent gate.
 36825 | Orc:1    | Noticed Necrophagist's ghost (journeyman GrFi)
 36838 | Orc:1    | You fall into a shaft and drop 1 floor!
 36857 | Orc:2    | Reached skill level 15 in Fighting
 36927 | Orc:2    | Found a roughly hewn altar of Beogh.
 37254 | Orc:1    | Found Luif's Assorted Antiques.
 37359 | Orc:1    | Killed Necrophagist's ghost
 37669 | Orc:1    | Bought a scroll of teleportation for 90 gold pieces
 37696 | Orc:1    | Lost mutation: You are frail. (-10% HP) [potion of
                  | mutation]
 37696 | Orc:1    | Lost mutation: Scrolls take you a little longer to read.
                  | [potion of mutation]
 37696 | Orc:1    | Gained mutation: Scrolls take you a little longer to read.
                  | [potion of mutation]
 37696 | Orc:1    | Gained mutation: You are resistant to hostile enchantments.
                  | (MR+) [potion of mutation]
 37845 | Spider:1 | Entered Level 1 of the Spider Nest
 38327 | Spider:1 | Reached XP level 18. HP: 149/149 MP: 25/25
 38500 | Spider:2 | Reached skill level 10 in Evocations
 39791 | Spider:3 | Received a gift from Trog
 40273 | Spider:3 | Reached skill level 10 in Shields
 40600 | Spider:4 | Entered Level 4 of the Spider Nest
 41128 | Spider:4 | Received a gift from Trog
 41153 | Spider:4 | Noticed Mara
 41158 | Spider:4 | Noticed D1HalberdGnoll's illusion
 41161 | Spider:4 | Paralysed by fainting for 11 turns
 41184 | Spider:4 | Paralysed by fainting for 12 turns
 41253 | Spider:4 | Killed Mara
 41339 | Spider:4 | Reached XP level 19. HP: 152/157 MP: 24/26
 42918 | Spider:4 | Got a gossamer rune of Zot
 43159 | Shoals:1 | Entered Level 1 of the Shoals
 43257 | Shoals:1 | Noticed Josephine
 43258 | Shoals:1 | Found Xusud's Magic Scroll Shoppe.
 43270 | Shoals:1 | Killed Josephine
 43341 | Shoals:1 | Bought a scroll of blinking for 105 gold pieces
 43341 | Shoals:1 | Bought a scroll of teleportation for 42 gold pieces
 43341 | Shoals:1 | Bought a scroll of fear for 49 gold pieces
 43401 | Shoals:1 | Received a gift from Trog
 44827 | Shoals:2 | Reached XP level 20. HP: 167/167 MP: 27/27
 45283 | Shoals:3 | Found Seemme's Superlative Supplies.
 45299 | Shoals:3 | Received a gift from Trog
 45311 | Shoals:3 | Reached skill level 15 in Armour
 45379 | Shoals:3 | Bought a scarf of resistance for 512 gold pieces
 45393 | Shoals:3 | Bought a +4 ring of slaying for 1248 gold pieces
 46080 | Shoals:4 | Entered Level 4 of the Shoals
 46414 | Shoals:4 | Got a coiled graven amulet
 46417 | Shoals:4 | Identified the amulet of Osijanae {rC+ rN+ Regen+ Int+2}
                  | (You found it on level 4 of the Shoals)
 46727 | Shoals:4 | Noticed Ilsuiw
 47931 | Shoals:4 | Got a barnacled rune of Zot
 47956 | Shoals:4 | Killed Ilsuiw
 48505 | Shoals:4 | Received a gift from Trog
 48563 | Shoals:4 | Got the ring of Jiegora {rElec rF+ MR- MP+9 Dex+6}
 48567 | Shoals:4 | Lost mutation: Scrolls take you a little longer to read.
                  | [potion of mutation]
 48567 | Shoals:4 | Lost mutation: You are resistant to hostile enchantments.
                  | (MR+) [potion of mutation]
 48567 | Shoals:4 | Gained mutation: You are frail. (-10% HP) [potion of
                  | mutation]
 48567 | Shoals:4 | Gained mutation: You are partially covered in large bone
                  | plates. (SH +4) [potion of mutation]
 48910 | Depths:1 | Entered Level 1 of the Depths
 49192 | Depths:1 | Found a gateway to Hell.
 49329 | Depths:1 | Found a runed translucent gate.
 49337 | Depths:1 | Found a runed translucent gate.
 49338 | Depths:1 | Found a runed translucent gate.
 49339 | Depths:1 | Noticed Acwon's ghost (legendary TrMo)
 49339 | Depths:1 | Noticed Siguz's ghost (master KoEn)
 49340 | Depths:1 | Noticed Dayj's ghost (master KoEn)
 49823 | Depths:1 | Noticed an Ice Fiend
 50082 | Depths:1 | Found a gateway to Hell.
 50120 | Depths:1 | Found a runed translucent gate.
 50120 | Depths:1 | Found a runed translucent gate.
 50121 | Depths:1 | Found a runed translucent gate.
 50558 | Depths:2 | Cast into level 3 of the Abyss (ettin)
 50577 | Abyss:3  | Reached skill level 15 in Shields
 50621 | Abyss:3  | Noticed a hellephant
 50674 | Abyss:3  | Noticed an ancient lich
 50682 | Abyss:3  | Killed an ancient lich
 50682 | Abyss:3  | Reached XP level 21. HP: 157/157 MP: 28/28
 50720 | Depths:2 | Escaped the Abyss
 51451 | Depths:2 | Found Megen's General Store.
 51455 | Depths:2 | Found Zisentei's Magic Scroll Boutique.
 51459 | Depths:2 | Bought a scroll of enchant weapon for 142 gold pieces
 51465 | Depths:2 | Bought a scroll of enchant weapon for 180 gold pieces
 52121 | Depths:2 | Identified the +8 fustibalus of Hasaruh {vorpal, MR+ Str-2
                  | Stlth+}
 52136 | Depths:2 | Noticed a golden dragon
 52142 | Depths:2 | Noticed a golden dragon
 52151 | Depths:2 | Killed a golden dragon
 52160 | Depths:2 | Killed a golden dragon
 52458 | Depths:3 | Found a gateway to a ziggurat.
 52497 | Depths:3 | Noticed a caustic shrike
 52509 | Depths:3 | Killed a caustic shrike
 52672 | Depths:2 | Reached XP level 22. HP: 139/165 MP: 29/29
 52713 | Depths:3 | Noticed a golden dragon
 52723 | Depths:3 | Killed a golden dragon
 52726 | Depths:3 | Noticed a golden dragon
 52732 | Depths:3 | Noticed a juggernaut
 52759 | Depths:2 | Killed a golden dragon
 53031 | Depths:3 | Killed a juggernaut
 53069 | Depths:3 | Paralysed by a sphinx for 3 turns
 53143 | Depths:3 | Noticed a golden dragon
 53151 | Depths:3 | Killed a golden dragon
 53312 | Depths:3 | Received a gift from Trog
 53798 | Depths:3 | Found a one-way gate leading to the halls of Pandemonium.
 54364 | Depths:4 | Mangled by a deep troll earth mage

Illustrated notes

Levels and vault maps discovered:
D:1:      ebering_trefoil_twist, layout_basic
D:2:      layout_basic, tgw_trog
D:3:      layout_rooms
D:4:      layout_basic, grunt_ministairs_7, uniq_pikel
D:5:      layout_loops_ring, zin_angel, first_ration, uniq_eustachio
D:6:      layout_gridville, minmay_temple_entry_waves, basic_altar,
          serial_bayou, serial_bayou_lagoon_a, serial_bayou_pond_b,
          serial_bayou_pond_d, serial_bayou_pond_e, serial_bayou_lagoon_b,
          serial_shops, shop
D:7:      layout_gridville, uniq_crazy_yiuf_cottage, uniq_maggie
D:8:      layout_loops_ring, uniq_joseph
D:9:      layout_loops_ring, minmay_lair_entry_grove, serial_shops,
          nicolae_shop_window_shopping, basic_altar, the_bakery
D:10:     layout_roguey, orc_0_dummy, basic_altar, uniq_urug, uniq_nergalle
D:11:     layout_loops_ring, st_stairs_3
D:12:     layout_roguey, serial_shops, kennysheep_mini
D:13:     layout_roguey, portal_ice_cave_entry_pillars_1, serial_shops,
          nicolae_shop_trees, uniq_kirke, uniq_erolcha, uniq_sonja
D:14:     layout_basic, david_vaults_3, enter_bailey_3, enter_trove_3,
          minmay_fractal_squares_5, uniq_louise
D:15:     hangedman_depths_entry_try_elsewhere_first, layout_cave_pools,
          ebering_ghost_disaster_area, hangedman_abyss_or_decor_slice,
          hangedman_abyss_or_decor_stagger, minivault_16, uniq_rupert
Lair:1:   layout_gridlike, ebering_ghost_inner_flame, grunt_megastairs_4,
          infiniplex_staircase_pool, lemuel_fruit_fields
Lair:2:   beast_lair_carwin_large_4, layout_cave_pods,
          elwin_shoals_entry_stream, minmay_stone_trees_large
Lair:3:   gammafunk_mikee_crab_dinner, layout_small_grid, grunt_megastairs_3,
          serial_bayou_shore_a, lemuel_fruit_tree
Lair:4:   regret_index_bee_streams, layout_gridlike, dummy_spider_entry,
          serial_bayou_shore_b
Lair:5:   layout_regular_city, minmay_slime_entry_eyes,
          nicolae_lair_grove_arrangements
Lair:6:   hangedman_lair_caniforms_friends, layout_gridlike,
          guppyfry_lair_end_dragon, minmay_lair_oklob_chamber,
          serial_bayou_shore_b, grunt_megastairs_5
Shoals:1: layout_shoals, serial_shops, shop_statue, overgrown_hall,
          uniq_frances, uniq_josephine
Shoals:2: layout_shoals
Shoals:3: layout_shoals, nicolae_alphabet_shops,
          nicolae_shoals_stone_sculpture_thing
Shoals:4: shoals_end_grunt_ice, layout_shoals, shoals_ilsuiw_ice
Spider:1: layout_spider_delve
Spider:2: cheibrodos_forgotten_conduit
Spider:3: layout_spider_delve
Spider:4: floodkiller_spider_rune_tomb, uniq_mara
Orc:1:    layout_caves, ebering_ghost_gozag, serial_shops, minmay_shop_mayhem
Orc:2:    st_orc_ogre_mass, layout_caves, basic_altar, sword_in_stone,
          uniq_snorg, uniq_nessos
Depths:1: layout_forbidden_donut, serial_bayou_pond_d, gammafunk_ghost_cemetery,
          hangedman_geh_valley, hangedman_corner_corridor
Depths:2: kennysheep_bubble_arena, layout_cave_shapes,
          hangedman_decor_slide_cut, hellmouth_1, infiniplex_staircase_9_rooms,
          minmay_shop_star, firewood_loft
Depths:3: minmay_central_circle, layout_cave_shapes, enter_ziggurat_b,
          corexii_leaking_fountain, hell_entry, rand_demon_pan_entry_9,
          infiniplex_staircase_trident
Depths:4: minmay_gate_of_8, layout_gridlike, hell_entry, abyss_entry,
          chequers_serial_rivers_micro_a, minmay_variable_closet,
          infiniplex_staircase_x, serial_bayou_shore_b, minmay_shop_grove

Skill      XL: |  1  2  3  4  5  6  7  8  9 10 11 12 13 14 15 16 17 18 19 20 21 22 |
---------------+-------------------------------------------------------------------+-----
Long Blades    | 4 5 6 7 8 10 11 13 14 15 16 17 18 | 18.7
Armour         | 3 4 5 6 7 8 9 10 11 12 13 14 15 16 17 | 17.4
Dodging        | 3 4 6 7 8 9 11 12 | 12.0
Fighting       | 4 5 6 7 8 9 11 12 13 14 15 16 17 18 | 18.6
Shields        | 2 4 6 8 11 13 15 16 17 | 17.6
Evocations     | 4 6 8 9 10 | 10.0

Action                   |  1- 3 |  4- 6 |  7- 9 | 10-12 | 13-15 | 16-18 | 19-21 | 22-24 || total
-------------------------+-------+-------+-------+-------+-------+-------+-------+-------++-------
Melee: Falchion          |    87 |   153 |   444 |   264 |       |       |       |       ||   948
       Long sword        |       |       |       |   894 |  1468 |       |       |       ||  2362
       Double sword      |       |       |       |       |   388 |  1348 |  1644 |   438 ||  3818
       Unarmed           |       |       |       |       |     5 |       |       |       ||     5
Throw: Throwing net      |       |       |       |       |       |       |     1 |       ||     1
Invok: Berserk           |     2 |     4 |    16 |    28 |    32 |    14 |    19 |     3 ||   118
       Trog's Hand       |       |     3 |     6 |    28 |    25 |    18 |    19 |     7 ||   106
       Brothers in Arms  |       |       |       |       |       |     3 |     2 |       ||     5
Evoke: Wand              |       |       |    12 |    12 |    38 |     2 |     3 |       ||    67
       Tin of tremorston |       |       |       |       |       |     2 |     7 |       ||     9
       Phial of floods   |       |       |       |       |       |     1 |     2 |       ||     3
  Use: Scroll            |       |     9 |     3 |    10 |    14 |    14 |    16 |     1 ||    67
       Potion            |       |       |       |     1 |       |     5 |     4 |     1 ||    11
 Stab: Paralysed         |       |       |       |       |    18 |     2 |     1 |       ||    21
       Distracted        |       |       |       |       |       |     2 |     1 |       ||     3
  Eat: Chunk             |     4 |     6 |    23 |    41 |    64 |    21 |    46 |     6 ||   211
       Ration            |       |     1 |     2 |    12 |     6 |     9 |     6 |     1 ||    37
Armor: Animal skin       |     8 |       |       |       |       |       |       |       ||     8
       Ring mail         |    27 |    10 |       |       |       |       |       |       ||    37
       Scale mail        |       |    74 |   110 |       |       |       |       |       ||   184
       Chain mail        |       |       |   131 |    72 |     1 |       |       |       ||   204
       Swamp dragon scal |       |       |       |   165 |   172 |       |       |       ||   337
       Pearl dragon scal |       |       |       |       |    45 |   582 |   699 |    97 ||  1423
Dodge: Dodged            |    51 |   112 |   255 |   566 |  1373 |   886 |   888 |   104 ||  4235
       Repelled          |       |       |     5 |    13 |    13 |    10 |    15 |       ||    56
Block: Buckler           |       |       |     6 |   189 |   491 |       |       |       ||   686
       Tower shield      |       |       |       |       |    30 |  1345 |  1902 |   409 ||  3686
       Rpst.: Falchion   |    18 |    38 |    71 |    46 |       |       |       |       ||   173
       Long sword        |       |       |       |   136 |   282 |       |       |       ||   418
       Double sword      |       |       |       |       |    54 |   161 |   137 |    12 ||   364

Table legend:
 A = Non-vault XP
 B = Vault XP
 C = Vault XP percentage of total XP
 D = Non-vault monster count
 E = Vault monster count
 F = Vault count percentage of total count
                 A         B        C        D         E       F
            +---------+---------+-------+---------+---------+-------
      Total |  335814 |  254842 |  43.1 |     993 |     499 |  33.4
            +---------+---------+-------+---------+---------+-------
        D:1 |      37 |       0 |   0.0 |      21 |       0 |   0.0
        D:2 |     232 |       9 |   3.7 |      22 |       5 |  18.5
        D:3 |     230 |       0 |   0.0 |      25 |       0 |   0.0
        D:4 |     600 |     681 |  53.2 |      21 |       3 |  12.5
        D:5 |     717 |     188 |  20.8 |      20 |       1 |   4.8
        D:6 |    1382 |      45 |   3.2 |      37 |       1 |   2.6
        D:7 |    1364 |     436 |  24.2 |      30 |       2 |   6.2
        D:8 |    1972 |     466 |  19.1 |      31 |       1 |   3.1
        D:9 |    1110 |    1708 |  60.6 |      18 |      13 |  41.9
       D:10 |    1247 |    1686 |  57.5 |      20 |       2 |   9.1
       D:11 |    2535 |     112 |   4.2 |      19 |       2 |   9.5
       D:12 |    4474 |       0 |   0.0 |      25 |       0 |   0.0
       D:13 |    9403 |    4262 |  31.2 |      31 |       5 |  13.9
       D:14 |   10118 |   14106 |  58.2 |      25 |      32 |  56.1
       D:15 |    9431 |    4285 |  31.2 |      22 |       5 |  18.5
     Lair:1 |    1743 |     147 |   7.8 |      10 |       1 |   9.1
     Lair:2 |      88 |    4291 |  98.0 |       1 |      18 |  94.7
     Lair:3 |    4022 |     142 |   3.4 |      19 |       1 |   5.0
     Lair:4 |    3550 |    8844 |  71.4 |      16 |      51 |  76.1
     Lair:5 |    4954 |    4804 |  49.2 |      18 |      12 |  40.0
     Lair:6 |    3491 |   16426 |  82.5 |      17 |      78 |  82.1
   Shoals:1 |   10657 |    2469 |  18.8 |      22 |       6 |  21.4
   Shoals:2 |   18406 |       0 |   0.0 |      34 |       0 |   0.0
   Shoals:3 |   12710 |    5738 |  31.1 |      28 |       5 |  15.2
   Shoals:4 |   12333 |   19813 |  61.6 |      23 |      34 |  59.6
   Spider:1 |   14285 |       0 |   0.0 |      44 |       0 |   0.0
   Spider:2 |   15487 |    5088 |  24.7 |      52 |       9 |  14.8
   Spider:3 |   16155 |       0 |   0.0 |      35 |       0 |   0.0
   Spider:4 |   20273 |   44648 |  68.8 |      61 |      71 |  53.8
      Orc:1 |    1141 |    2177 |  65.6 |      14 |       5 |  26.3
      Orc:2 |    2726 |   25158 |  90.2 |      18 |      43 |  70.5
   Depths:1 |   24625 |      50 |   0.2 |      42 |       1 |   2.3
   Depths:2 |   40066 |   33432 |  45.5 |      52 |      19 |  26.8
   Depths:3 |   24452 |   46903 |  65.7 |      31 |      28 |  47.5
   Depths:4 |   15372 |       0 |   0.0 |      20 |       0 |   0.0
    Abyss:3 |   30274 |    2359 |   7.2 |      44 |       2 |   4.3
    Abyss:4 |   14152 |     794 |   5.3 |      25 |       1 |   3.8
     Bailey |       0 |    3575 | 100.0 |       0 |      42 | 100.0
            +---------+---------+-------+---------+---------+-------
